 Dungeon Crawl Stone Soup version 0.25.0-15-gac7dcb8919 (webtiles) character file.

Game seed: 3178916731128331465

55 mortelune the Skirmisher (level 3, -4/29 HPs)
             Began as a Demonspawn Chaos Knight on June 29, 2020.
             Was a Plaything of Xom.
             Slain by a river rat (8 damage)
             ... on level 3 of the Dungeon.
             The game lasted 00:01:35 (1356 turns).

mortelune the Skirmisher (Demonspawn Chaos Knight)  Turns: 1356, Time: 00:01:36

Health: -4/29      AC:  5    Str: 13    XL:     3   Next: 67%
Magic:  5/5        EV: 11    Int: 13    God:    Xom [*.....]
Gold:   54         SH:  0    Dex: 12    Spells: 5/5 levels left

rFire    . . .     SeeInvis .   e - +0 mace
rCold    . . .     Gourm    .   (no shield)
rNeg     . . .     Faith    .   b - +2 leather armour
rPois    .         Spirit   .   (no helmet)
rElec    .         Reflect  .   (no cloak)
rCorr    .         Harm     .   (no gloves)
MR       .....                  (no boots)
Stlth    +.........             (no amulet)
HPRegen  0.09/turn              (no ring)
MPRegen  0.09/turn              (no ring)

@: no status effects
A: hooves 1
a: Renounce Religion


You were on level 3 of the Dungeon.
You worshipped Xom.
You were a special plaything of Xom.
You were hungry.

You visited 1 branch of the dungeon, and saw 3 of its levels.

You collected 54 gold pieces.

Inventory:

Hand Weapons
 a - a +0 hand axe of chaos
 e - a +0 mace (weapon)
Armour
 b - a +2 leather armour (worn)
Scrolls
 f - 2 scrolls of teleportation {unknown}
 g - a scroll of blinking {unknown}
 h - a scroll of amnesia {unknown}
 i - 4 scrolls of identify {unknown}
Potions
 d - 3 potions of curing {unknown}
 j - a potion of lignification {unknown}
 k - a potion of berserk rage {unknown}
Comestibles
 c - 4 rations
 l - a chunk of flesh


   Skills:
 + Level 3.3 Fighting
 - Level 2.7(2.9) Axes
 * Level 1.4(2.3) Maces & Flails
 + Level 2.2 Armour
 - Level 1.0 Dodging
 * Level 1.5 Spellcasting


You had 5 spell levels left.
You didn't know any spells.
Your spell library was empty.

Dungeon Overview and Level Annotations

Branches:
Dungeon (3/15)

Altars:


Innate Abilities, Weirdness & Mutations

You have large cloven feet.


Message History

You kick the river rat, but do no damage.
The river rat is lightly wounded.
The river rat bites you!
You hit the river rat but do no damage.
The river rat is lightly wounded.
The river rat bites you but does no damage.
The river rat bites you.
You hit the river rat.
The river rat is heavily wounded.
The river rat barely misses you.
You closely miss the river rat.
You kick the river rat, but do no damage.
The river rat is heavily wounded.
The river rat bites you!
* * * LOW HITPOINT WARNING * * *
You hit the river rat but do no damage. Your kick misses the river rat.
The river rat is heavily wounded.
The river rat bites you but does no damage.
The river rat bites you!
You die...

#....#######
##.### #.# #.#
#.#######
#####.......#
#...........#
##.###.####..#
#####...##@#
.#
........rr.#
#####...####
##<## ... ..≈#
..≈≈≈ ..≈r≈
.≈≈≈≈


You could see a river rat and a rat.

Vanquished Creatures
  A river rat (D:3)
  An ooze (D:1)
  3 dart slugs (D:1)
  A leopard gecko (D:2)
  2 giant cockroaches (D:1)
  3 goblins (D:1)
  4 hobgoblins (D:1)
  4 jackals (D:1)
  2 ball pythons (D:3)
  4 bats
  5 kobolds
  2 rats (D:1)
32 creatures vanquished.

Notes
Turn   | Place    | Note
-------+----------+-------------------------------------------
     0 | D:1      | mortelune the Demonspawn Chaos Knight began the quest for
                  | the Orb.
     0 | D:1      | Reached XP level 1. HP: 18/18 MP: 1/1
   148 | D:1      | Reached skill level 1 in Dodging
   222 | D:1      | Gained mutation: You have large cloven feet. [demonic
                  | ancestry]
   222 | D:1      | Reached XP level 2. HP: 24/24 MP: 2/2
   478 | D:1      | Reached skill level 1 in Spellcasting
   512 | D:1      | XOM: cloud trail
   518 | D:1      | Reached skill level 1 in Maces & Flails
   572 | D:1      | Reached XP level 3. HP: 29/29 MP: 4/4
  1236 | D:2      | XOM is BORED!
  1356 | D:3      | Slain by a river rat

Illustrated notes

Levels and vault maps discovered:
D:1:      erik_arrival_blinker_ship, layout_basic
D:2:      cheibrodos_pilgrimage, layout_loops_ring, led_sif_pool,
          kennysheep_potato
D:3:      layout_loops_ring, marbit_many_paths,
          chequers_temple_overflow_statue_of_worship, portal_sewer_entry_b

Skill      XL: |  1  2 |
---------------+-------+-----
Dodging        | 1 |  1.0
Armour         | 2 |  2.2
Spellcasting   | 1 |  1.5
Maces & Flails | 1 |  1.4
Fighting       | |  3.3
Axes           | |  2.7

Action                   || total
-------------------------++-------
Melee: Mace              ||    96
       Hand axe          ||     2
       Kick              ||    21
  Eat: Chunk             ||     1
Armor: Leather armour    ||    38
Dodge: Dodged            ||    78
